 Dungeon Crawl Stone Soup version 0.30-a0-368-g86fb4627a9 (webtiles) character file.

Game seed: 10571458279776481248

30 mopl the Insei (level 3, -3/27 HPs)
             Began as a Djinni Transmuter on Nov 18, 2022.
             Slain by a hobgoblin
             ... wielding a +0 spear
              (6 damage)
             ... on level 2 of the Dungeon.
             The game lasted 00:01:39 (1129 turns).

mopl the Insei (Djinni Transmuter)                  Turns: 1129, Time: 00:01:39

Health: -3/27      AC:  2    Str: 11    XL:     3   Next: 37%
Gold:   38         EV: 12    Int: 14    God:
                   SH:  0    Dex: 13

rFire   + + .      SeeInvis .      - Unarmed
rCold   x . .      Faith    .    (no shield)
rNeg    . . .      Spirit   .    a - +0 robe
rPois   ∞          Reflect  .    (helmet currently unavailable)
rElec   .          Harm     .    (no cloak)
rCorr   .          Rampage  .    (no gloves)
Will    .....                    (boots unavailable)
Stlth   +.........               (no amulet)
HPRegen 0.24/turn                (no ring)
MPRegen 0.00/turn                (no ring)

@: appendages (expiring), flying
A: horns 2, flying, sickness immunity, fire resistance 2, cold vulnerability 1,
float, innate caster, HP casting, extra vitality 1
a: End Transformation


You were on level 2 of the Dungeon.
You had temporarily grown beastly horns.
You visited 1 branch of the dungeon, and saw 2 of its levels.

You collected 38 gold pieces.

Inventory:

Armour
 a - a +0 robe (worn)
Jewellery
 e - an amulet of faith {!P}
Scrolls
 c - a scroll of immolation {unknown}
 d - 2 scrolls of teleportation {unknown}
Potions
 b - a potion of attraction {unknown}
 f - 2 potions of cancellation {unknown}


   Skills:
 - Level 1.0 Fighting
 - Level 2.1 Dodging
 * Level 3.9 Unarmed Combat
 + Level 2.0 Spellcasting


You couldn't memorise any spells.
You knew the following spells:

 Your Spells              Type           Power      Damage    Failure   Level
a - Beastly Appendage     Tmut           14%        N/A       11%         1
b - Spider Form           Tmut/Pois      7%         N/A       30%         3
c - Sandblast             Erth           14%        2d6       11%         1
d - Ice Form              Ice/Tmut       7%         N/A       71%         4
w - Wereblood             Tmut           7%         N/A       16%         2
Your spell library was empty.

Dungeon Overview and Level Annotations

Branches:
Dungeon (2/15)

Altars:


Innate Abilities, Weirdness & Mutations

You have temporarily grown beastly horns.
You are flying.
You are immune to sickness and miasma.
You are immune to poison.
Your flesh is very heat resistant. (rF++)
You are vulnerable to cold. (rC-)
You float through the air rather than walking.
You learn spells naturally, not from books.
Your magical power is your life essence.
You have superior vitality. (+4 MHP)


Message History

You barely miss the bat. The bat misses you. The bat closely misses you.
The bat closely misses you. The bat barely misses you.
You hit the bat.
You kill the bat!
No target in view!
No target in view!
No target in view!
No target in view!
No target in view!
No target in view!
No target in view!
No target in view!
No target in view!
No target in view!
No target in view!
No target in view!
Your horns disappear.
A hobgoblin comes into view. It is wielding a +0 spear.
You see here a bat corpse.
A hobgoblin is nearby!
The hobgoblin hits you from afar with a +0 spear.
You grow a pair of large bovine horns.
The hobgoblin misses you.
Found a dagger.
The hobgoblin hits you with a +0 spear!
You are too injured to fight recklessly!
You are too injured to fight recklessly!
You are too injured to fight recklessly!
You hit the hobgoblin.
The hobgoblin is moderately wounded.
The hobgoblin hits you with a +0 spear.
* * * LOW HITPOINT WARNING * * *
You hit the hobgoblin but do no damage. Your headbutt misses the hobgoblin.
The hobgoblin is moderately wounded.
The hobgoblin hits you with a +0 spear.
* * * LOW HITPOINT WARNING * * *
You barely miss the hobgoblin.
The hobgoblin is moderately wounded.
Your transformation is almost over.
The hobgoblin hits you with a +0 spear.
You die...

##############...#######
###................'......
#...############...#######
#.######## ####...###
##........####.....†..#
#>...........+........+
#......†..####........#
#.....##### #........#
.[.#### #..@.....# ...#
#.g......# ...# #........#
...# ..........# ...#
...######### #'### .)...
....# ..... ....# .###
....#


You could see a hobgoblin.

Vanquished Creatures
  3 endoplasms (D:1)
  3 goblins (D:1)
  3 hobgoblins (D:1)
  4 jackals (D:1)
  A kobold (D:1)
  2 quokkas
  2 ball pythons
  3 bats
  2 frilled lizards (D:1)
  6 rats (D:1)
29 creatures vanquished.

Notes
Turn   | Place    | Note
-------+----------+-------------------------------------------
     0 | D:1      | mopl the Djinni Transmuter began the quest for the Orb.
     0 | D:1      | mopl set off with the following spells memorised: Beastly
                  | Appendage, Wereblood, Spider Form, Ice Form.
     0 | D:1      | Reached XP level 1. HP: 17/17 MP: 0/0
   165 | D:1      | Reached XP level 2. HP: 17/22 MP: 0/0
   587 | D:1      | Reached XP level 3. HP: 26/27 MP: 0/0
   587 | D:1      | Learned a level 1 spell: Sandblast
   700 | D:1      | Reached skill level 2 in Spellcasting
  1129 | D:2      | Slain by a hobgoblin

Illustrated notes

Levels and vault maps discovered:
D:1:      scummos_arrival_hexagon, layout_basic, minmay_pentomino_q4
D:2:      layout_basic, nicolae_figureground_pulse

Skill      XL: |  1  2  3 |
---------------+----------+-----
Spellcasting   | 2 |  2.0
Fighting       | |  1.0
Dodging        | |  2.1
Unarmed Combat | |  3.9

Action                   || total
-------------------------++-------
Melee: Unarmed           ||   122
       Headbutt          ||     4
       Punch             ||     3
 Cast: Beastly Appendage ||     8
  Use: Potion            ||     1
Armor: Robe              ||    27
Dodge: Dodged            ||    94

Table legend: (Time is in decaauts)
 A = Elapsed time spent in this place.
 B = Non-inter-level travel time spent in this place.
 C = Inter-level travel time spent in this place.
 D = Time resting spent in this place.
 E = Time spent auto-exploring this place.
 F = Levels seen in this place.
 G = Mean time per level.
                   A        B        C        D        E       F      G
               +--------+--------+--------+--------+--------+-----+--------+
         Total |   1121 |   1105 |     16 |    455 |    398 |   2 |  560.5 |
       Dungeon |   1121 |   1105 |     16 |    455 |    398 |   2 |  560.5 |
               +--------+--------+--------+--------+--------+-----+--------+

Top non-repeatable levels by time:
     D:1: 990 daAuts
     D:2: 130 daAuts
